 Dungeon Crawl Stone Soup version 0.32-a0-7-ge934b4519a (webtiles) character file.

Game seed: 5813147730871656616

198491 experimilk the Brawler (level 17, -10/184 HPs)
             Began as a Troll Gladiator on Jan 14, 2024.
             Was a High Priest of Wu Jian.
             Mangled by a spark wasp (12 damage)
             ... on level 3 of the Spider Nest.
             The game lasted 01:55:21 (36041 turns).

experimilk the Brawler (Troll Gladiator)           Turns: 36041, Time: 01:55:21

Health: -10/184    AC: 15    Str: 33 (34) XL:     17   Next: 81%
Magic:  16/16      EV: 19    Int:  4      God:    Wu Jian [*****.]
Gold:   2549       SH:  0    Dex: 15      Spells: 16/16 levels left

rFire   + .          .
                       - Unarmed
rCold   + . .        (no shield)
rNeg    . . .        E - +0 acid dragon scales
rPois   .            b - +1 hat
rElec   .            X - scarf {rC+ rF+}
rCorr   +            (gloves unavailable)
SInv    .            (boots unavailable)
Will    +....        i - amulet of regeneration Stlth
                     U - ring "Qonepi" {EV+5 Dex+4}
HPRegen 2.10/turn    N - ring "Bazeras" {AC+4 Str+2}
MPRegen 0.15/turn

%: no passive effects
@: confused, lethally poisoned (-10 -> -61), about to teleport, serpent's lash
A: large, unfitting armour, claws 3, regeneration 1, shaggy fur 1, tough skin 1,
deterioration 1
}: 1/15 runes: decaying
a: Renounce Religion, Wall Jump, Serpent's Lash, Heavenly Storm


You were on level 3 of the Spider Nest.
You worshipped Wu Jian.
Wu Jian was extremely pleased with you.
You visited 5 branches of the dungeon, and saw 29 of its levels.
You also visited: Gauntlet.

You collected 3262 gold pieces.
You spent 713 gold pieces at shops.

Inventory:

Missiles
 a - 7 poisoned darts
 c - 14 boomerangs
 q - 2 throwing nets
 s - 16 atropa-tipped darts
 x - 6 javelins
 z - 23 large rocks (quivered)
 O - 6 curare-tipped darts
 Q - 3 datura-tipped darts
Armour
 b - a +1 hat (worn)
 l - +0 swamp dragon scales
 E - +0 acid dragon scales (worn)
 X - a scarf of resistance (worn)
 Z - quicksilver dragon scales
Jewellery
 i - an amulet of regeneration (around neck)
 k - a ring of flight
 r - a +5 ring of evasion
 y - an amulet of reflection
 J - a ring of willpower
 K - a ring of fire
 N - the ring "Bazeras" (right claw) {AC+4 Str+2}
   (You found it in a Gauntlet)

   [ring of protection]

   AC+4:      It affects your AC (+4).
   Str+2:     It affects your strength (+2).
 U - the ring "Qonepi" (left claw) {EV+5 Dex+4}
   (You took it off a minotaur in a Gauntlet)

   [ring of evasion]

   EV+5:      It affects your evasion (+5).
   Dex+4:     It affects your dexterity (+4).
Wands
 A - a wand of digging (13)
 F - a wand of mindburst (16)
 S - a wand of flame (29)
 T - a wand of polymorph (10)
 V - a wand of iceblast (10)
Scrolls
 d - a scroll of enchant weapon
 g - 4 scrolls of poison
 h - 13 scrolls of teleportation
 n - 3 scrolls of revelation
 p - 2 scrolls of immolation
 t - 4 scrolls of blinking
 v - a scroll of summoning
 w - a scroll of enchant armour
 P - 4 scrolls of fog
 W - a scroll of silence
Potions
 e - 4 potions of magic
 f - 14 potions of curing
 j - 7 potions of heal wounds
 m - 3 potions of enlightenment
 o - 2 potions of resistance
 B - 2 potions of mutation
 D - 3 potions of haste
 G - a potion of lignification
 L - 2 potions of brilliance
 M - 3 potions of ambrosia
 R - 2 potions of cancellation
Miscellaneous
 I - a box of beasts
 Y - a phial of floods


   Skills:
 - Level 15.0 Fighting
 - Level 15.0 Throwing
 - Level 10.0 Armour
 + Level 10.6 Dodging
 - Level 15.0 Unarmed Combat
 - Level 6.0 Evocations


You had 16 spell levels left.
You didn't know any spells.
Your spell library contained the following spells:

 Spells                   Type           Power      Damage    Failure   Level
 Kiss of Death            Conj/Necr      0%         2d5       54%         1
 Magic Dart               Conj           0%         1d3       54%         1
 Sandblast                Erth           0%         2d4       54%         1
 Sting                    Conj/Alch      0%         1d3       54%         1
 Blink                    Tloc           0%         N/A       67%         2
 Call Imp                 Summ           0%         N/A       67%         2
 Ensorcelled Hibernation  Hex/Ice        0%         N/A       67%         2
 Mercury Vapours          Alch/Air       0%         N/A       67%         2
 Scorch                   Fire           0%         2d5       67%         2
 Sublimation of Blood     Necr           0%         N/A       67%         2
 Confusing Touch          Hex            0%         N/A       88%         3
 Dazzling Flash           Conj/Hex       0%         N/A       88%         3
 Fugue of the Fallen      Necr           0%         N/A       88%         3
 Gell's Gravitas          Tloc           0%         N/A       88%         3
 Inner Flame              Hex/Fire       0%         N/A       88%         3
 Mephitic Cloud           Conj/Alch/Air  0%         N/A       88%         3
 Passwall                 Erth           0%         N/A       88%         3
 Stone Arrow              Conj/Erth      0%         3d7       88%         3
 Summon Ice Beast         Ice/Summ       0%         N/A       88%         3
 Swiftness                Air            0%         N/A       88%         3
 Tukima's Dance           Hex            0%         N/A       88%         3
 Volatile Blastmotes      Fire/Tloc      0%         2d10      88%         3
 Anguish                  Hex/Necr       0%         N/A       99%         4
 Animate Armour           Summ/Erth      0%         N/A       99%         4
 Brom's Barrelling Bould  Conj/Erth      0%         2d3       99%         4
 Dimensional Bullseye     Hex/Tloc       0%         N/A       99%         4
 Dispel Undead            Necr           0%         3d6       99%         4
 Flame Wave               Conj/Fire      0%         2d4       99%         4
 Iskenderun's Mystic Bla  Conj/Tloc      0%         2d3       99%         4
 Olgreb's Toxic Radiance  Alch           0%         N/A       99%         4
 Passage of Golubria      Tloc           0%         N/A       99%         4
 Petrify                  Alch/Erth      0%         N/A       99%         4
 Sticky Flame             Fire/Alch      0%         2d4       99%         4
 Fireball                 Conj/Fire      0%         3d3       100%        5
 Freezing Cloud           Conj/Ice/Air   0%         6-21      100%        5
 Irradiate                Conj/Alch      0%         3d11      100%        5
 Summon Mana Viper        Hex/Summ       0%         N/A       100%        5
 Yara's Violent Unravell  Hex/Alch       0%         3d3       100%        5
 Conjure Ball Lightning   Conj/Air       0%         3x3d6     100%        6
 Starburst                Conj/Fire      0%         6d3       100%        6
 Summon Cactus Giant      Summ           0%         N/A       100%        6
 Malign Gateway           Summ/Tloc      0%         N/A       100%        7
 Monstrous Menagerie      Summ           0%         N/A       100%        7
 Ozocubu's Refrigeration  Ice            0%         4d7       100%        7
 Summon Hydra             Summ           0%         N/A       100%        7
 Discord                  Hex            0%         N/A       100%        8
 Disjunction              Tloc           0%         N/A       100%        8
 Maxwell's Capacitive Co  Air            0%         ∞         100%        8
 Dragon's Call            Summ           0%         N/A       100%        9
 Fire Storm               Conj/Fire      0%         5d1       100%        9


Dungeon Overview and Level Annotations

Branches:
Dungeon (15/15)            Temple (0/1) D:4            Lair (5/5) D:10
  Swamp (4/4) Lair:2       Spider (3/4) Lair:2        Slime (0/5) Lair:4
    Orc (2/2) D:12            Elf (0/3) Orc:2        Vaults (0/5) D:14
 Depths (0/4) D:15        Gauntlet (visited)

Altars:
Ashenzari
Cheibriados
Elyvilon
Fedhas
Hepliaklqana
Makhleb
Okawaru
Qazlal
Ru
Sif Muna
Vehumet
Wu Jian
Xom
Yredelemnul
The Shining One
Jiyva

Shops:
D:4 *=**   D:6 *   D:8 *:[   D:11 [   D:13 :   Orc:2 ?[(

Annotations:
D:9 3 runed translucent doors, Eboss360's ghost, journeyman MiBe
D:11 2 transporters
Lair:1 exclusion: 2 oklob plants
Lair:4 3 runed translucent doors, Netol's ghost, journeyman DsEn; Ozorab's ghost, journeyman NaHs; Peulonen's ghost, journeyman TeDe


Innate Abilities, Weirdness & Mutations

You are too large for most types of armour.
You have claws for hands.
Your natural rate of healing is unusually fast.
You are covered in fur. (AC +1)
You have tough skin. (AC +1)
Your body sometimes deteriorates upon taking damage.


Message History

You feel very sick. The culicivora misses you. The tarantella touches you.
You are afflicted by dizzying energies!
You are confused.
The spark wasp stings you. The spark wasp shocks you!
The tarantella closely misses you. The redback misses you.
The broodmother summons spiders!
The redback bites you!
* * * LOW HITPOINT WARNING * * *
You are more poisoned.
The redback poisons you! The tarantella barely misses you.
You barely miss the spark wasp. You claw the spark wasp.
The spark wasp is lightly wounded.
The heavenly storm settles.
You feel extremely sick.
The tarantella disappears in a puff of smoke!
The tarantella touches you!
* * * LOW HITPOINT WARNING * * *
The spark wasp stings you but does no damage.
The redback bites you but does no damage.
The redback bites you!
* * * LOW HITPOINT WARNING * * *
You are lethally poisoned!
The redback poisons you! The broodmother closely misses you.
The culicivora chitters at the redback.
The redback's wounds heal themselves!
The jumping spider leaps!
You feel much better.
* * * LOW HITPOINT WARNING * * *
You feel extremely sick. The tarantella barely misses you.
The jumping spider pounces on you.
* * * LOW HITPOINT WARNING * * *
The jumping spider bites you but does no damage.
The redback bites you but does no damage.
The spark wasp misses you. The redback completely misses you.
The jumping spider closely misses you.
The jumping spider bites you but does no damage.
The spark wasp stings you!!
* * * LOW HITPOINT WARNING * * *
Your body deteriorates!
You feel weakened. The spark wasp shocks you!
You die...

.....^ #....######
#.........#
#^.^.......
#(.........
####........#
#^..°ss°☼.... ##
##>..°yssH#.
#.###^..#ss@ss#
##..(.^s.#s#sss.#
##........###°○°..#
#......(..# ...(.##
...#.^...## .......
#..#### ..#......
#.....# .. ...##..
#.#...##.# .... ##
###....###


You could see a broodmother, a jorogumo, a spark wasp, 2 orb spiders, a
culicivora (summoned), 3 jumping spiders, 2 tarantellas and 3 redbacks.

Vanquished Creatures
  the Lernaean hydra (Swamp:4)
  Jorgrun (D:14)
  Frances (Swamp:2)
  Roxanne (Spider:2)
  A fenstrider witch (Swamp:1)
  Louise (Spider:1)
  2 stone giants
  4 ghouls
  5 eleionomae
  3 bunyips
  A dire elephant (Lair:4)
  A minotaur (Gauntlet)
  A spark wasp (Spider:1)
  Azrael (Spider:1)
  3 entropy weavers (Spider:2)
  A yaktaur captain (D:13)
  23 hydras
  A vault guard (D:14)
  A jorogumo (Spider:1)
  2 catoblepae
  2 boulder beetles (D:13)
  5 ghost crabs
  A radroach (Spider:2)
  8 alligators
  3 centaur warriors
  A death knight (D:14)
  3 tengu warriors
  3 two-headed ogres
  A demonic crawler (Spider:2)
  7 orc high priests
  Nergalle (Lair:1)
  2 skeletal warriors (D:13)
  2 skysharks
  3 pharaoh ants (Spider:2)
  2 orb spiders (Spider:1)
  5 goliath frogs
  6 spriggan druids
  12 swamp dragons
  A death drake (Swamp:2)
  A lindwurm (Lair:5)
  16 bog bodies
  An orc knight (D:13)
  A steelbarb worm (Spider:1)
  7 orc sorcerers
  A deep elf pyromancer (D:15)
  A moth of wrath (Spider:3)
  8 wolf spiders
  9 cyclopes
  7 will-o-the-wisps
  14 ugly things (D:14)
  2 manticores (D:12)
  An oklob plant (Lair:1)
  11 centaur zombies (D:12)
  30 elephants
  3 torpor snails
  2 black mambas
  24 cane toads
  3 kobold demonologists
  6 rime drakes
  4 komodo dragons
  A yaktaur (D:15)
  2 unseen horrors
  Psyche (D:8)
  2 tengu conjurers
  4 bloated husks
  7 trolls
  2 wolf spider simulacra (D:14)
  12 tarantellas
  9 hornets
  Grinder (D:4)
  10 tyrant leeches
  14 dream sheep
  A meliai zombie (D:12)
  15 jumping spiders
  18 blink frogs
  2 centaur simulacra
  8 slime creatures
  A vampire (D:13)
  A water elemental (D:15)
  10 culicivoras
  4 shadows (Gauntlet)
  8 wyverns
  A wraith (D:12)
  69 yaks
  18 spriggans
  A fire elemental (Spider:1)
  7 basilisks
  A steam dragon (D:10)
  26 redbacks
  A redback simulacrum (D:14)
  13 vampire mosquitoes
  11 wargs
  16 swamp worms
  2 acid dragons
  5 hell hounds (Spider:1)
  13 water moccasins
  17 orc warriors
  An ice beast (D:7)
  2 sky beasts (D:7)
  3 laughing skulls
  10 swamp drakes
  2 black bears
  6 centaurs
  An ogre (shapeshifter) (D:14)
  8 ogres
  23 wolves
  3 boggarts (D:15)
  3 phantoms
  A kobold brigand (D:9)
  24 bullfrogs
  3 scorpions
  5 wights (D:7)
  20 killer bees
  9 howler monkeys
  2 electric eels
  3 bombardier beetles
  2 hounds
  3 jellies (D:7)
  30 orc priests
  A sleepcap (D:7)
  A boggart zombie (D:12)
  4 iguanas
  27 orc wizards
  4 hell rats (Lair:4)
  5 gnolls
  2 adders
  A shadow imp (D:6)
  3 white imps
  An ufetubus (D:14)
  2 ribbon worms
  4 dart slugs
  76 orcs
  8 bats
  4 endoplasms
  3 giant cockroaches
  2 hobgoblins
  5 jackals
  2 quokkas
  7 ball pythons
  3 frilled lizards
  4 goblins
  7 kobolds
  2 rats (D:1)
951 creatures vanquished.

Vanquished Creatures (collateral kills)
  A shadow (D:12)
1 creature vanquished.

Vanquished Creatures (others)
  A bunyip (Swamp:1)
  An alligator (Swamp:4)
  An ugly thing (D:14)
  3 bloated husks
  A tyrant leech (Swamp:1)
  A hornet (Swamp:4)
  A spriggan (Swamp:4)
  2 orc wizards
  22 foxfires
33 creatures vanquished.

Grand Total: 985 creatures vanquished

Notes
Turn   | Place    | Note
-------+----------+-------------------------------------------
     0 | D:1      | experimilk the Troll Gladiator began the quest for the Orb.
     0 | D:1      | Reached XP level 1. HP: 19/19 MP: 0/0
   133 | D:1      | Reached XP level 2. HP: 27/27 MP: 1/1
   256 | D:1      | Reached XP level 3. HP: 33/33 MP: 2/2
   736 | D:2      | Found a burning altar of Makhleb.
   889 | D:2      | Reached XP level 4. HP: 32/41 MP: 3/3
   893 | D:2      | Reached skill level 5 in Unarmed Combat
  1137 | D:3      | Found a broken altar of Ashenzari.
  1468 | D:3      | Reached XP level 5. HP: 48/48 MP: 4/4
  1790 | D:4      | Found Qiycetz's Assorted Antiques.
  1792 | D:4      | Noticed a phantom
  1818 | D:3      | Killed a phantom
  1819 | D:3      | Reached XP level 6. HP: 55/55 MP: 5/5
  2014 | D:4      | Found Jato's General Store.
  2023 | D:4      | Bought a scroll of identify for 22 gold pieces
  2023 | D:4      | Bought a potion of curing for 33 gold pieces
  2070 | D:4      | Found an ornate altar of the Wu Jian Council.
  2079 | D:4      | Reached XP level 7. HP: 60/62 MP: 6/6
  2084 | D:4      | Became a worshipper of the Wu Jian Council
  2177 | D:4      | Found Fijecaim's Assorted Antiques.
  2189 | D:4      | Bought a scroll of identify for 40 gold pieces
  2189 | D:4      | Bought a scroll of identify for 40 gold pieces
  2376 | D:4      | Found Uvuepymn's Jewellery Shop.
  2389 | D:4      | Noticed Grinder
  2555 | D:4      | Found a hazy altar of Hepliaklqana.
  2560 | D:4      | Found a glowing golden altar of the Shining One.
  2637 | D:4      | Found a staircase to the Ecumenical Temple.
  2685 | D:4      | Paralysed by Grinder for 3 turns
  2693 | D:4      | Killed Grinder
  2714 | D:5      | Entered Level 5 of the Dungeon
  2775 | D:5      | Reached * piety under Wu Jian
  2885 | D:5      | Reached XP level 8. HP: 69/70 MP: 7/7
  2889 | D:5      | Reached skill level 10 in Unarmed Combat
  3488 | D:5      | Found a stormy altar of Qazlal.
  4218 | D:6      | Found Opsienap's Mayhem Merchandise.
  4240 | D:6      | Reached skill level 5 in Fighting
  4421 | D:6      | Found a shimmering blue altar of Sif Muna.
  5058 | D:7      | Reached XP level 9. HP: 67/89 MP: 8/8
  5479 | D:7      | Reached ** piety under Wu Jian
  6082 | D:8      | Found Ickejisoh's Book Boutique.
  6154 | D:8      | Found an iron altar of Okawaru.
  6194 | D:8      | Found Qimpeog's General Store.
  6194 | D:8      | Noticed Psyche
  6200 | D:8      | Killed Psyche
  6380 | D:8      | Bought a scroll of teleportation for 39 gold pieces
  6380 | D:8      | Bought a scroll of identify for 26 gold pieces
  6380 | D:8      | Bought a scroll of identify for 26 gold pieces
  6454 | D:8      | Found Zafoem's Antique Armour Shop.
  6586 | D:8      | Reached XP level 10. HP: 91/107 MP: 9/9
  6971 | D:9      | Found a sacrificial altar of Ru.
  7166 | D:9      | Reached skill level 10 in Fighting
  7324 | D:9      | Noticed Eboss360's ghost (journeyman MiBe)
  7352 | D:9      | Found a runed translucent gate.
  7352 | D:9      | Found a runed translucent gate.
  7352 | D:9      | Found a runed translucent gate.
  7699 | D:9      | Found a snail-covered altar of Cheibriados.
  7751 | D:9      | Found a blossoming altar of Fedhas.
  7753 | D:9      | Found a shimmering altar of Xom.
  7753 | D:9      | Found a white marble altar of Elyvilon.
  7755 | D:9      | Found an iron altar of Okawaru.
  7755 | D:9      | Found an iron altar of Okawaru.
  7755 | D:9      | Found a basalt altar of Yredelemnul.
  7822 | D:10     | Entered Level 10 of the Dungeon
  7914 | D:10     | Noticed a two-headed ogre
  7923 | D:10     | Killed a two-headed ogre
  7924 | D:10     | Reached skill level 5 in Dodging
  8495 | D:10     | Noticed a two-headed ogre
  8513 | D:10     | Killed a two-headed ogre
  8664 | D:10     | Reached XP level 11. HP: 103/117 MP: 10/10
  8921 | D:10     | Reached *** piety under Wu Jian
  8956 | D:10     | Found a staircase to the Lair.
  9695 | Lair:1   | Entered Level 1 of the Lair of Beasts
  9731 | Lair:1   | Noticed Nergalle
 10063 | Lair:1   | Killed Nergalle
 10267 | Lair:1   | Noticed a catoblepas
 10603 | Lair:1   | Reached skill level 10 in Dodging
 10636 | Lair:1   | Noticed an oklob plant
 10787 | Lair:1   | Killed a catoblepas
 11153 | Lair:1   | Noticed an oklob plant
 11153 | Lair:1   | Noticed an oklob plant
 11156 | Lair:1   | Killed an oklob plant
 11507 | Lair:1   | Reached skill level 5 in Throwing
 12250 | Lair:1   | Reached XP level 12. HP: 126/126 MP: 11/11
 12748 | Lair:2   | Found a hole to the Spider Nest.
 12832 | Lair:2   | Noticed a four-headed hydra
 12844 | Lair:2   | Killed an 11-headed hydra
 13436 | Lair:2   | Found a staircase to the Swamp.
 13687 | Lair:3   | Reached skill level 10 in Throwing
 13774 | Lair:3   | Reached **** piety under Wu Jian
 14406 | Lair:3   | Identified the +1 robe of the Buccaneer {Harm}
 14704 | Lair:4   | Reached XP level 13. HP: 121/133 MP: 12/12
 15251 | Lair:4   | Noticed a dire elephant
 15270 | Lair:4   | Killed a dire elephant
 15313 | Lair:4   | Got the Parchment of Venin and the Shot
 15659 | Lair:4   | Found a runed translucent gate.
 15659 | Lair:4   | Found a runed translucent gate.
 15661 | Lair:4   | Found a runed translucent gate.
 15662 | Lair:4   | Noticed Peulonen's ghost (journeyman TeDe)
 15662 | Lair:4   | Noticed Ozorab's ghost (journeyman NaHs)
 15663 | Lair:4   | Noticed Ozorab's ghost (journeyman NaHs)
 15663 | Lair:4   | Noticed Netol's ghost (journeyman DsEn)
 15903 | Lair:4   | Reached skill level 15 in Unarmed Combat
 16236 | Lair:4   | Found a viscous altar of Jiyva.
 16236 | Lair:4   | Found a staircase to the Slime Pits.
 16383 | Lair:5   | Entered Level 5 of the Lair of Beasts
 16426 | Lair:5   | Identified the +5 war axe of Hesino {holy, *Slow rF++
                  | Dex+3}
 16498 | Lair:5   | Reached XP level 14. HP: 143/143 MP: 13/13
 18760 | D:11     | Found Uzueced's Antique Armour Shop.
 19031 | D:11     | Found a transporter.
 19045 | D:11     | You fall into a shaft and drop 3 floors!
 19050 | D:14     | Noticed Jorgrun
 19061 | D:14     | Killed Jorgrun
 19367 | D:13     | Noticed a stone giant
 19380 | D:13     | Killed a stone giant
 19403 | D:13     | Identified the +11 glaive of Tentacled Valour {flame, rElec
                  | Stlth+}
 19421 | D:13     | Reached ***** piety under Wu Jian
 19567 | D:13     | Found a gate leading to a gauntlet.
 19576 | Gauntlet | Entered a Gauntlet
 19576 | Gauntlet | Found a transporter.
 19576 | Gauntlet | Found a transporter.
 19586 | Gauntlet | Found a transporter.
 19600 | Gauntlet | Found a transporter.
 19625 | Gauntlet | Found a transporter.
 19628 | Gauntlet | Found a transporter.
 19645 | Gauntlet | Found a transporter.
 19721 | Gauntlet | Found a transporter.
 19732 | Gauntlet | Found a transporter.
 19736 | Gauntlet | Noticed a reaper
 19746 | Gauntlet | Found a transporter.
 19759 | Gauntlet | Found a transporter.
 19761 | Gauntlet | Found a large runed translucent door.
 19761 | Gauntlet | Found a large runed translucent door.
 19762 | Gauntlet | Found a large runed translucent door.
 19762 | Gauntlet | Found a large runed translucent door.
 19763 | Gauntlet | Found a large runed translucent door.
 19763 | Gauntlet | Found a large runed translucent door.
 19763 | Gauntlet | Found a runed translucent door.
 19763 | Gauntlet | Found a runed translucent door.
 19763 | Gauntlet | Found a large runed translucent door.
 19764 | Gauntlet | Found a large runed translucent door.
 19771 | Gauntlet | Found a large runed translucent door.
 19771 | Gauntlet | Found a large runed translucent door.
 19772 | Gauntlet | Found a large runed translucent door.
 19772 | Gauntlet | Found a large runed translucent door.
 19773 | Gauntlet | Found a large runed translucent door.
 19773 | Gauntlet | Found a large runed translucent door.
 19774 | Gauntlet | Found a runed translucent gate.
 19774 | Gauntlet | Found a runed translucent gate.
 19774 | Gauntlet | Found a runed translucent gate.
 19776 | Gauntlet | Found a transporter.
 19843 | Gauntlet | Found a transporter.
 19853 | Gauntlet | Found a transporter.
 19859 | Gauntlet | Found a large runed translucent door.
 19860 | Gauntlet | Found a large runed translucent door.
 19867 | Gauntlet | Found a transporter.
 19893 | Gauntlet | Found a transporter.
 20140 | Gauntlet | Identified the ring "Bazeras" {AC+4 Str+2}
 20208 | Gauntlet | Identified the ring "Qonepi" {EV+5 Dex+4}
 20345 | Gauntlet | Got Cominuoh's Guidebook on Disjunct Illusion
 20348 | Gauntlet | Identified the +1 trident of Gin and Tonic {flame, rElec
                  | rPois}
 20355 | Gauntlet | Got Roon's Omnibus of the Creative Summer
 20858 | D:12     | Found a staircase to the Orcish Mines.
 21342 | D:12     | Reached skill level 15 in Throwing
 21342 | D:12     | Reached XP level 15. HP: 149/149 MP: 14/14
 21402 | D:12     | Found a basalt altar of Yredelemnul.
 21981 | Orc:1    | Entered Level 1 of the Orcish Mines
 22190 | Orc:1    | Found a shimmering altar of Xom.
 22259 | Orc:1    | Reached skill level 1 in Evocations
 22569 | Orc:2    | Entered Level 2 of the Orcish Mines
 23128 | Orc:2    | Found Qeirgh's Antique Weapon Shoppe.
 23128 | Orc:2    | Found Gor Tur's Magic Scroll Emporium.
 23195 | Orc:2    | Reached ****** piety under Wu Jian
 23234 | Orc:2    | Gained mutation: Your body sometimes deteriorates upon
                  | taking damage. [a neqoxec]
 23516 | Orc:2    | Found Wuholo Vone's Antique Armour Emporium.
 23528 | Orc:2    | Found a radiant altar of Vehumet.
 23803 | Orc:2    | Found a staircase to the Elven Halls.
 23822 | Orc:2    | Found Viafator's Antique Weapon Emporium.
 24044 | D:11     | Found a viscous altar of Jiyva.
 24302 | D:4      | Bought a scroll of revelation for 150 gold pieces
 24302 | D:4      | Bought 3 scrolls labelled ZOPHON JENLELE for 60 gold pieces
 24550 | Orc:2    | Bought a scroll of teleportation for 45 gold pieces
 24550 | Orc:2    | Bought a scroll of fog for 60 gold pieces
 24550 | Orc:2    | Bought a scroll of fog for 60 gold pieces
 24550 | Orc:2    | Bought a scroll of blinking for 112 gold pieces
 24658 | D:11     | Found a transporter.
 25036 | D:13     | Found Lasegoe's Book Shoppe.
 25328 | D:13     | Reached skill level 5 in Evocations
 26085 | D:14     | Found a gate to the Vaults.
 26306 | D:15     | Entered Level 15 of the Dungeon
 26754 | D:15     | Found a staircase to the Depths.
 27391 | Swamp:1  | Entered Level 1 of the Swamp
 27398 | Swamp:1  | Reached XP level 16. HP: 137/166 MP: 15/15
 28077 | Swamp:1  | Paralysed by a fenstrider witch for 3 turns
 28624 | Swamp:1  | Identified a scroll of acquirement
 28626 | Swamp:1  | Acquired 962 gold pieces
 29070 | Swamp:2  | Noticed Frances
 29078 | Swamp:2  | Killed Frances
 29911 | Swamp:2  | Identified the amulet of Vehumet, Telling {Faith Str+5}
 30417 | Swamp:3  | Reached skill level 15 in Fighting
 30420 | Swamp:3  | Reached skill level 1 in Armour
 30775 | Swamp:4  | Entered Level 4 of the Swamp
 31781 | Swamp:4  | Reached XP level 17. HP: 155/178 MP: 16/16
 31787 | Swamp:3  | Reached skill level 5 in Armour
 33227 | Swamp:4  | Noticed the 27-headed Lernaean hydra
 33236 | Swamp:4  | Killed the 27-headed Lernaean hydra
 33262 | Swamp:4  | Got a decaying rune of Zot
 33589 | Spider:1 | Entered Level 1 of the Spider Nest
 33741 | Spider:1 | Noticed Azrael
 33754 | Spider:1 | Killed Azrael
 34282 | Spider:1 | Noticed Louise
 34294 | Spider:1 | Killed Louise
 35278 | Spider:2 | Reached skill level 10 in Armour
 35498 | Spider:2 | Noticed Roxanne
 35508 | Spider:2 | Killed Roxanne
 36041 | Spider:3 | HP: 2/184 [spark wasp (25)]
 36041 | Spider:3 | Mangled by a spark wasp

Illustrated notes

Levels and vault maps discovered:
D:1:      dpeg_arrival_simpleton_c, layout_basic, hex_large
D:2:      layout_rooms, basic_altar
D:3:      layout_rooms, ashenzari_altar_1, minmay_bisected
D:4:      layout_cave_pools, amethyst_overflow_temple_binary,
          mainiacjoe_overflow_cross_hatched, minmay_temple_entry_offerings,
          serial_shops, shop, shop, nicolae_inconvenience_store,
          nicolae_square_shop, uniq_grinder
D:5:      layout_loops_ring, mainiacjoe_overflow_brackets,
          serial_co_window_serial, co_window_paths_b, co_window_paths_b,
          co_window_paths_a, co_window_of_opportunity_a, co_window_corner_a,
          co_window_broadway_b, co_window_cross_4, co_window_corner_b,
          co_window_sun
D:6:      nicolae_cairo_tiling, layout_basic, lemuel_blue_sif_altar,
          minmay_shop_mayhem
D:7:      layout_loops_ring, minmay_increasing_density
D:8:      layout_basic, okawaru_ov_weapons_minmay, serial_shops,
          nicolae_book_shop_shelving, shop, nicolae_shop_rolling_square,
          kennysheep_nub, hangedman_decor_diamond_cutter, uniq_psyche
D:9:      layout_long_grid, doesnt_xom_only_xom,
          nicolae_ru_sacrificial_ziggurat, kennysheep_slug_shrine,
          gammafunk_ghost_icy
D:10:     layout_stronghold, erik_lair_dragon, kennysheep_generic_room_5
D:11:     gammafunk_jiyva_shrine, layout_rooms, serial_shops, shop
D:12:     layout_stronghold, david_orc_2, kennysheep_another_room,
          wad_floor_pattern_1, nicolae_yredelemnul_corpse_copse
D:13:     minmay_the_grid_3x3 [minmay_the_grid_minigrid_small,
          minmay_the_grid_plusring, minmay_the_grid_broken_lines,
          minmay_the_grid_empty, minmay_the_grid_square_x,
          minmay_the_grid_empty, minmay_the_grid_holed_spiral,
          minmay_the_grid_outer_diamond, minmay_the_grid_prize_diamond_cup],
          layout_stronghold, gauntlet_entry_generic, serial_shops, shop_statue
D:14:     layout_basic, david_vaults_5, serial_ice, serial_ice_k, serial_ice_d,
          serial_ice_h, serial_ice_c, nicolae_twisty_statue_hallways,
          uniq_jorgrun
D:15:     grunt_enter_depths_snipers, layout_gridville, fountainhead
Lair:1:   minmay_lair_oklob_tunnel, layout_cave_pods, beast_lair_carwin_9,
          uniq_nergalle
Lair:2:   layout_loops_ring, mainiacjoe_swamp_entry_lozenge_pond,
          spider_nest_entry_a, nicolae_volcano_entry_s_turn,
          serial_bayou_shore_a
Lair:3:   layout_regular_city, serial_bayou_shore_b
Lair:4:   mu_elephants_graveyard, layout_loops_ring, dpeg_slime_entry_corner,
          gammafunk_ghost_cemetery
Lair:5:   minmay_lair_end_frog_pond, layout_layer_cave
Swamp:1:  layout_basic_swamp, nicolae_swamp_decorative_isthmus, swamp_pool_1_2,
          nicolae_swamp_soggy_hallways
Swamp:2:  regret_index_all_hallows'_manor, layout_basic_swamp,
          evilmike_swamp_ruin_house_4, swamp_pool_4, nicolae_swamp_treefoil,
          uniq_frances
Swamp:3:  layout_basic_swamp, evilmike_swamp_ruin_house_1
Swamp:4:  grunt_swamp_rune_castle, layout_basic_swamp
Spider:1: layout_chambers, nicolae_spider_webs_and_nodes, uniq_azrael,
          uniq_louise
Spider:2: layout_spider_delve, uniq_roxanne
Spider:3: layout_spider_delve
Orc:1:    layout_caves, basic_altar
Orc:2:    st_orc_town, layout_caves, basic_altar, serial_shops, shop

Skill      XL: |  1  2  3  4  5  6  7  8  9 10 11 12 13 14 15 16 17 |
---------------+----------------------------------------------------+-----
Unarmed Combat | 4 6 7 8 9 10 11 15 | 15.0
Fighting       | 6 9 10 12 15 | 15.0
Dodging        | 7 10 | 10.6
Throwing       | 5 10 11 15 | 15.0
Evocations     | 6 |  6.0
Armour         | 4 10 | 10.0

Action                     |  1- 3 |  4- 6 |  7- 9 | 10-12 | 13-15 | 16-18 || total
---------------------------+-------+-------+-------+-------+-------+-------++-------
  Melee: Unarmed           |    69 |    78 |   205 |   593 |  1093 |   531 ||  2569
         Punch             |     1 |     1 |     9 |    39 |   103 |    51 ||   204
  Throw: Large rock        |     1 |     4 |    10 |       |    88 |   261 ||   364
         Javelin           |       |     1 |     2 |    28 |    46 |    13 ||    90
         Dart              |       |     1 |    31 |    79 |   172 |       ||   283
         Throwing net      |       |       |     1 |     3 |     3 |     4 ||    11
         Boomerang         |       |       |       |     9 |    54 |    11 ||    74
 Invoke: Serpent's Lash    |       |       |       |     4 |    27 |    21 ||    52
         Heavenly Storm    |       |       |       |       |     2 |     1 ||     3
Ability: Lunge             |       |       |    34 |    55 |   134 |    52 ||   275
         Whirlwind         |       |       |     3 |   130 |   197 |   121 ||   451
         Wall Jump         |       |       |       |     4 |     9 |     3 ||    16
  Evoke: Wand              |       |     1 |     1 |    28 |    25 |       ||    55
         Box of beasts     |       |       |       |       |     1 |     1 ||     2
         Phial of floods   |       |       |       |       |       |     1 ||     1
    Use: Scroll            |     2 |     2 |     9 |     5 |    18 |     6 ||    42
         Potion            |       |       |     1 |     3 |     5 |     4 ||    13
   Stab: Sleeping          |     1 |       |       |       |       |       ||     1
         Held in net/web   |       |       |     1 |     3 |       |     5 ||     9
         Invisible         |       |       |       |     1 |    10 |       ||    11
         Betrayed ally     |       |       |       |       |     1 |       ||     1
 Armour: Robe              |    52 |    59 |    87 |   268 |   154 |       ||   620
         Skin              |       |       |       |     2 |       |     4 ||     6
         Troll leather arm |       |       |       |       |    56 |       ||    56
         Quicksilver drago |       |       |       |       |   280 |    11 ||   291
         Swamp dragon scal |       |       |       |       |       |   278 ||   278
         Acid dragon scale |       |       |       |       |       |    82 ||    82
  Dodge: Dodged            |    38 |    17 |    77 |   300 |   648 |   337 ||  1417

Table legend: (Time is in decaauts)
 A = Elapsed time spent in this place.
 B = Non-inter-level travel time spent in this place.
 C = Inter-level travel time spent in this place.
 D = Time resting spent in this place.
 E = Time spent auto-exploring this place.
 F = Levels seen in this place.
 G = Mean time per level.
                   A        B        C        D        E       F      G
               +--------+--------+--------+--------+--------+-----+--------+
         Total |  35737 |  33607 |   2130 |  10397 |  16262 |  30 | 1191.2 |
       Dungeon |  15666 |  14309 |   1357 |   3532 |   8253 |  15 | 1044.4 |
          Lair |   8634 |   8243 |    391 |   2450 |   3614 |   5 | 1726.8 |
         Swamp |   6137 |   5969 |    168 |   3020 |   1889 |   4 | 1534.2 |
   Spider Nest |   2451 |   2369 |     82 |    531 |   1434 |   3 |  817.0 |
  Orcish Mines |   2072 |   1941 |    131 |    574 |    834 |   2 | 1036.0 |
      Gauntlet |    774 |    774 |      0 |    288 |    238 |   1 |  774.0 |
               +--------+--------+--------+--------+--------+-----+--------+

Top non-repeatable levels by time:
  Lair:1: 2592 daAuts
    D:10: 2365 daAuts
 Swamp:3: 2359 daAuts
  Lair:5: 1918 daAuts
  Lair:4: 1750 daAuts
    D:12: 1592 daAuts
 Swamp:1: 1573 daAuts
Spider:1: 1560 daAuts
    D:13: 1313 daAuts
  Lair:3: 1305 daAuts
     D:6: 1237 daAuts
 Swamp:2: 1227 daAuts
   Orc:2: 1199 daAuts
     D:5: 1167 daAuts
     D:4: 1089 daAuts
